 Dungeon Crawl Stone Soup version 0.25.1-8-g42b30a86e7 (webtiles) character file.

Game seed: 6299976273574634737

11 melloss the Sneak (level 2, -1/13 HPs)
             Began as a Spriggan Enchanter on Dec 10, 2020.
             Slain by a hobgoblin
             ... wielding a +0 club
              (5 damage)
             ... on level 1 of the Dungeon.
             The game lasted 00:02:15 (738 turns).

melloss the Sneak (Spriggan Enchanter)               Turns: 738, Time: 00:02:16

Health: -1/13      AC:  2    Str:  4    XL:     2   Next: 13%
Magic:  6/6        EV: 18    Int: 16    God:
Gold:   66         SH:  0    Dex: 16    Spells: 5/6 levels left

rFire    . . .     SeeInvis +   a - +1 dagger
rCold    . . .     Gourm    .   (shield restricted)
rNeg     . . .     Faith    .   b - +0 robe
rPois    .         Spirit   .   (helmet restricted)
rElec    .         Reflect  .   (no cloak)
rCorr    .         Harm     .   (gloves unavailable)
MR       .....                  (boots unavailable)
Stlth    +++.......             (no amulet)
HPRegen  0.04/turn              (no ring)
MPRegen  0.10/turn              (no ring)

@: very quick
A: very small, unfitting armour, see invisible, herbivore, speed 3, slow
metabolism 2
a: no special abilities


You were on level 1 of the Dungeon.
You were not hungry.

You visited 1 branch of the dungeon, and saw 1 of its levels.

You collected 66 gold pieces.

Inventory:

Hand Weapons
 a - a +1 dagger (weapon)
 c - a +0 short sword
Armour
 b - a +0 robe (worn)
Scrolls
 e - a scroll of identify {unknown}
 f - 3 scrolls of magic mapping {unknown}
 g - 2 scrolls of remove curse {unknown}
 h - a scroll of fog {unknown}
Potions
 i - a potion of heal wounds {unknown}
Comestibles
 d - a ration


   Skills:
 + Level 1.9 Short Blades
 - Level 3.0 Dodging
 + Level 5.0 Stealth
 - Level 2.6 Spellcasting
 - Level 3.6 Hexes


You had 5 spell levels left.
You knew the following spells:

 Your Spells              Type           Power        Failure   Level  Hunger
a - Corona                Hex            ##.....      4%          1    #......

Your spell library contained the following spells:

 Spells                   Type           Power        Failure   Level  Hunger
 Confusing Touch          Hex            ##......     13%         3    ###....
 Tukima's Dance           Hex            ##......     13%         3    ###....
 Ensorcelled Hibernation  Hex/Ice        #.....       14%         2    ##.....
 Dazzling Flash           Conj/Hex       #.....       28%         3    ###....


Dungeon Overview and Level Annotations

Branches:
Dungeon (1/15)

Altars:


Innate Abilities, Weirdness & Mutations

You are very small and have problems with some larger weapons.
You are too small for most types of armour.
You have supernaturally acute eyesight. (SInv)
You are a herbivore.
You cover ground extremely quickly.
You need to consume almost no food.


Message History

The hobgoblin misses you. The giant cockroach bites you.
You hit the giant cockroach but do no damage.
The hobgoblin barely misses you. The giant cockroach closely misses you.
You barely miss the hobgoblin.
The hobgoblin is moderately wounded.
The giant cockroach barely misses you. The hobgoblin hits you with a +0 club.
You hit the giant cockroach.
The giant cockroach is severely wounded.
The giant cockroach bites you. The hobgoblin hits you with a +0 club.
You hit the hobgoblin but do no damage.
The hobgoblin is moderately wounded.
The giant cockroach closely misses you. The hobgoblin hits you with a +0 club.
The giant cockroach misses you.
The giant cockroach completely misses you.
You hit the giant cockroach.
You kill the giant cockroach!
You hit the hobgoblin.
The hobgoblin is heavily wounded.
The hobgoblin hits you with a +0 club.
You die...

......# #.........# #..###
......# #.........# #.....
......############.#+#.#####.....
......).........##...#.#.........
......#########.###..#.#.###.....
................#......#.# #.....
......########..#......#.# #.....
......##........####>....# #.....
#.#+####.##....g@..###.### #.....
#.# #.....###.# #.# #..... #.#
#...... .# #.# ###### #.#
...###### ## #.# .... #.# ####
#.# #.# #.#


You could see a hobgoblin.

Vanquished Creatures
  A dart slug (D:1)
  A giant cockroach (D:1)
  2 goblins (D:1)
  A hobgoblin (D:1)
  2 kobolds (D:1)
  A rat (D:1)
8 creatures vanquished.

Notes
Turn   | Place    | Note
-------+----------+-------------------------------------------
     0 | D:1      | melloss the Spriggan Enchanter began the quest for the Orb.
     0 | D:1      | Reached XP level 1. HP: 9/9 MP: 5/5
   615 | D:1      | Reached XP level 2. HP: 13/13 MP: 6/6
   659 | D:1      | Reached skill level 5 in Stealth
   738 | D:1      | Slain by a hobgoblin

Illustrated notes

Levels and vault maps discovered:
D:1:      sevenhm_arrival_forest_fort_small_6, layout_basic

Skill      XL: |  1  2 |
---------------+-------+-----
Stealth        | 5 |  5.0
Short Blades   | |  1.9
Dodging        | |  3.0
Spellcasting   | |  2.6
Hexes          | |  3.6

Action                   || total
-------------------------++-------
Melee: Dagger            ||    32
       Short sword       ||    17
 Cast: Corona            ||     2
 Stab: Sleeping          ||     2
Armor: Robe              ||     2
Dodge: Dodged            ||    37
